 Dungeon Sprint DCSS version 0.28-a0-851-g8b9cc49659 (webtiles) character file.

Game seed: 452280467380630473

157992 mhtbhm the Shatterer (level 15, -22/258 HPs)
             Began as a Minotaur Fighter on Nov 14, 2021.
             Was the Champion of Okawaru.
             Killed from afar by Xtahua (71 damage)
             ... with a searing blast
             ... while paralysed by Xtahua
             ... in the Dungeon (Sprint IX: "|||||||||||||||||||||||||||||").
             The game lasted 00:15:11 (7284 turns).

mhtbhm the Shatterer (Minotaur Fighter)             Turns: 7284, Time: 00:15:12

Health: -22/258    AC: 31    Str: 40    XL:     15   Next: 62%
Magic:  23/28      EV:  2    Int:  8    God:    Okawaru [******]
Gold:   521        SH:  0    Dex: 10    Spells: 14/14 levels left

rFire   . . .      SeeInvis +   a - +8 morningstar of the Peculiar Mystics {holy, *Rage rPois rCorr Int+3}
rCold   + . .      Faith    .   c - +2 kite shield {reflect}
rNeg    . . .      Spirit   .   b - +2 plate armour {rPois}
rPois   +          Reflect  +   j - +0 hat {SInv}
rElec   .          Harm     .   n - +0 cloak
rCorr   +          Rampage  .   B - +1 pair of gloves {Str+3}
Will    +....      Rage     20% k - +0 pair of boots of Undesirable Species {rC+ Str+4}
Stlth   .......... NoTele   +   F - amulet of regeneration
HPRegen 1.53/turn               w - +4 ring of evasion
MPRegen 0.21/turn               E - +6 ring of strength

@: paralysed, berserking, heroic
A: horns 2, retaliatory headbutt
}: 4/17 runes: decaying, serpentine, barnacled, gossamer
a: Renounce Religion, Heroism, Finesse


You were in the Dungeon.
You worshipped Okawaru.
Okawaru was exalted by your worship.
You visited 1 branch You collected 1921 gold pieces.
You spent 1400 gold pieces at shops.

Inventory:

Hand Weapons
 a - the +8 morningstar of the Peculiar Mystics (weapon) {holy, *Rage rPois rCorr Int+3}
   (You found it in the Dungeon)

   It has been blessed by the Shining One to cause great damage to the undead
   and demons.
   Int:       It affects your intelligence (+3).
   rPois:     It protects you from poison.
   *Rage:     It berserks you when you make melee attacks (+20% chance).
   rCorr:     It protects you from acid and corrosion.
 p - a +4 falchion of holy wrath
 u - a +1 morningstar of holy wrath
Missiles
 o - a throwing net
 H - 7 silver javelins (quivered)
 I - 3 javelins
Armour
 b - a +2 plate armour of poison resistance (worn)
 c - a +2 kite shield of reflection (worn)
 j - a +0 hat of see invisible (worn)
 k - the +0 pair of boots of Undesirable Species (worn) {rC+ Str+4}
   (You found it in the Dungeon)

   Str:       It affects your strength (+4).
   rC:        It protects you from cold.
 n - a +0 cloak (worn)
 B - a +1 pair of gloves of strength (worn)
Jewellery
 v - a ring of see invisible
 w - a +4 ring of evasion (left hand)
 y - a ring of protection from cold
 D - a +4 ring of protection
 E - a +6 ring of strength (right hand)
 F - an amulet of regeneration (around neck)
 G - a ring of positive energy
Wands
 m - a wand of iceblast (2)
Scrolls
 l - 2 scrolls of amnesia
 r - 6 scrolls of identify
 s - 6 scrolls of enchant weapon
 t - 5 scrolls of fog
 A - 6 scrolls of enchant armour
 C - 3 scrolls of blinking
Potions
 d - 2 potions of might
 e - 2 potions of curing
 f - 4 potions of heal wounds
 g - a potion of flight {unknown}
 h - 4 potions of magic
 i - 3 potions of brilliance
 q - a potion of haste
 x - a potion of mutation
 z - 2 potions of berserk rage


   Skills:
 + Level 26.3(27) Fighting
 + Level 26.4(27) Maces & Flails
 + Level 7.4(12.4) Throwing
 + Level 22.9(27) Armour
 + Level 6.0(11.0) Dodging
 + Level 4.5(9.5) Stealth
 + Level 23.6(27) Shields
 * Level 21.3 Invocations
 + Level 3.6 Evocations


You had 14 spell levels left.
You didn't know any spells.
Your spell library was empty.

Dungeon Overview and Level Annotations

Branches:
Dungeon (1/1)

Altars:
Cheibriados
Dithmenos
Elyvilon
Fedhas
Gozag
Hepliaklqana
Kikubaaqudgha
Makhleb
Nemelex Xobeh
Okawaru
Qazlal
Ru
Sif Muna
Trog
Uskayaw
Vehumet
Wu Jian
Xom
Yredelemnul
Zin
The Shining One
Beogh
Jiyva
Lugonu

Shops:
D :*((

Annotations:
D Sojobo, Xtahua


Innate Abilities, Weirdness & Mutations

You have a pair of horns on your head.
You reflexively headbutt those who attack you in melee.


Message History

You block Xtahua's attack. Xtahua barely misses you.
Unknown command.
You block Xtahua's attack. x2; Xtahua tramples you but does no damage.
Unknown command.
You feel much better. Xtahua breathes fire at you.
The searing blast misses you.
You hit Xtahua. You headbutt Xtahua!!
Xtahua is lightly wounded.
You are engulfed in blazing flames.
Sojobo waves her feathered arms in wide circles.
The air twists around and strikes you!!
A red film seems to cover your vision as you go berserk!
Your finesse ends abruptly.
You feel yourself moving faster!
You feel mighty!
You hit Xtahua but do no damage. You headbutt Xtahua.
Xtahua is lightly wounded.
You are engulfed in blazing flames.
Xtahua roars overwhelmingly at you!
You suddenly lose the ability to move!
You are engulfed in blazing flames.
Xtahua thunders ferociously at you!
You shrug off the repeated paralysis!
You are engulfed in blazing flames.
Xtahua bites you but does no damage. Xtahua claws you!
Xtahua barely misses you.
You are engulfed in blazing flames.
* * * LOW HITPOINT WARNING * * *
Xtahua roars overwhelmingly at you!
You shrug off the repeated paralysis!
You are engulfed in blazing flames.
* * * LOW HITPOINT WARNING * * *
A brief shower of sparks shoots from Sojobo's claws.
Xtahua bites you!
* * * LOW HITPOINT WARNING * * *
Xtahua claws you but does no damage. Xtahua tramples you but does no damage.
You are engulfed in blazing flames.
* * * LOW HITPOINT WARNING * * *
Xtahua roars, "I HOPE YOU'RE TASTY!"
Xtahua breathes fire at you. The searing blast hits you!!!
You die...

,,,,,,,,,,,,,,,,,*
****************,*
,,,,,,,,,,+,,,,,,*
******************
,,,,,,,,,,,,,,,,,*
****************,*
,,,+,,,,,,,,,+,,,*
*********▓▓▓▓▓▓▓▓▓
,,,,,,,,,...QQQD@▓
♣♣♣♣♣♣♣♣♣♣♣♣▓▓▓▓°▓
[...........'....▓
♣♣♣♣♣♣♣♣♣♣♣♣▓▓▓▓▓▓
.................▓
▓▓▓▓▓▓▓▓▓▓▓▓▓▓▓▓.▓
......'..........▓
▓▓▓▓▓▓▓▓▓▓▓▓▓▓▓▓▓▓
.................▓


You could see Sojobo (repels missiles), Xtahua (catching breath) and 2 tengu
reavers.

Vanquished Creatures
  Saint Roka (D)
  Margery (D)
  Jory (D)
  Frances (D)
  A fire giant (D)
  Ilsuiw (D)
  4 frost giants (D)
  8 nagarajas (D)
  3 ghost moths (D)
  A vault warden (D)
  2 ironbound preservers (D)
  6 emperor scorpions (D)
  2 very ugly things (D)
  3 stone giants (D)
  A spark wasp (D)
  A bunyip (D)
  Snorg (D)
  6 merfolk javelineers (D)
  3 ettins (D)
  2 eleionomae (D)
  A fire dragon (D)
  A yaktaur captain (D)
  4 great orbs of eyes (D)
  A merfolk impaler (D)
  A rakshasa (D)
  7 hydras (D)
  An ironbound thunderhulk (D)
  A ghost crab (D)
  A spriggan air mage (D)
  3 merfolk aquamancers (D)
  An anaconda (D)
  2 naga warriors (D)
  3 ironbound frosthearts (D)
  4 centaur warriors (D)
  A vampire mage (D)
  A deep troll shaman (D)
  2 hell knights (D)
  2 ironbound convokers (D)
  5 swamp dragons (D)
  2 orc knights (D)
  3 necromancers (D)
  4 wizards (D)
  3 ugly things (D)
  5 cyclopes (D)
  3 manticores (D)
  2 wolf spiders (D)
  5 orc sorcerers (D)
  A will-o-the-wisp (D)
  A vault sentinel (D)
  3 merfolk sirens (D)
  5 naga magi (D)
  3 black mambas (D)
  2 guardian serpents (D)
  Joseph (D)
  A gargoyle (D)
  4 cane toads (D)
  2 yaktaurs (D)
  A komodo dragon (D)
  2 demonic crawlers (D)
  3 jumping spiders (D)
  A merfolk (D)
  A wind drake (D)
  A hornet (D)
  2 slime creatures (D)
  A blink frog (D)
  2 redbacks (D)
  A spriggan (D)
  3 tarantellas (D)
  Eustachio (D)
  4 yaks (D)
  2 wyverns (D)
  A basilisk (D)
  A naga (D)
  6 wargs (D)
  A hell hound (D)
  6 water moccasins (D)
  A swamp drake (D)
  10 orc warriors (D)
  2 wolves (D)
  An ogre (D)
  2 boggarts (D)
  A kobold brigand (D)
  2 bullfrogs (D)
  6 orc priests (D)
  A hound (D)
  11 orc wizards (D)
  2 adders (D)
  10 orcs (D)
  2 bats (D)
  2 endoplasms (D)
  A goblin (D)
  A ball python zombie (D)
236 creatures vanquished.

Vanquished Creatures (others)
  2 hydras (D)
  A centaur warrior (D)
  An alligator (D)
  3 merfolk aquamancers (D)
  2 wizards (D)
  A gargoyle (D)
  A foxfire (D)
11 creatures vanquished.

Grand Total: 247 creatures vanquished

Notes
Turn   | Place    | Note
-------+----------+-------------------------------------------
     0 | D        | mhtbhm the Minotaur Fighter began the quest for the Orb.
     0 | D        | Reached XP level 1. HP: 19/19 MP: 0/0
    22 | D        | Noticed a hound
    29 | D        | Killed a hound
    30 | D        | Reached skill level 5 in Fighting
    30 | D        | Reached skill level 5 in Armour
    30 | D        | Reached skill level 5 in Shields
    30 | D        | Reached XP level 2. HP: 22/29 MP: 1/1
    30 | D        | Reached XP level 3. HP: 28/36 MP: 2/2
   133 | D        | Found a snail-covered altar of Cheibriados.
   133 | D        | Found a shadowy altar of Dithmenos.
   133 | D        | Found a white marble altar of Elyvilon.
   133 | D        | Found a blossoming altar of Fedhas.
   133 | D        | Found an opulent altar of Gozag.
   134 | D        | Found a hazy altar of Hepliaklqana.
   135 | D        | Found a viscous altar of Jiyva.
   136 | D        | Found an ancient bone altar of Kikubaaqudgha.
   137 | D        | Found a corrupted altar of Lugonu.
   138 | D        | Found a burning altar of Makhleb.
   139 | D        | Found a sparkling altar of Nemelex Xobeh.
   140 | D        | Found an iron altar of Okawaru.
   141 | D        | Found a stormy altar of Qazlal.
   142 | D        | Found a sacrificial altar of Ru.
   143 | D        | Found a shimmering blue altar of Sif Muna.
   144 | D        | Found a bloodstained altar of Trog.
   145 | D        | Found a hide-covered altar of Uskayaw.
   146 | D        | Found a radiant altar of Vehumet.
   147 | D        | Found an ornate altar of the Wu Jian Council.
   148 | D        | Became a worshipper of Warmaster Okawaru
   149 | D        | Found a shimmering altar of Xom.
   150 | D        | Found a basalt altar of Yredelemnul.
   151 | D        | Found a glowing silver altar of Zin.
   152 | D        | Found a glowing golden altar of the Shining One.
   250 | D        | Noticed an orc warrior
   250 | D        | Noticed a gargoyle
   250 | D        | Noticed a yak
   250 | D        | Noticed a wyvern
   250 | D        | Noticed a yak
   250 | D        | Noticed a kobold brigand
   253 | D        | Killed an orc warrior
   254 | D        | Reached skill level 5 in Maces & Flails
   254 | D        | Reached skill level 1 in Dodging
   254 | D        | Reached XP level 4. HP: 45/45 MP: 2/5
   254 | D        | Reached XP level 5. HP: 51/51 MP: 2/6
   270 | D        | Killed a gargoyle
   270 | D        | Reached * piety under Okawaru
   271 | D        | Reached skill level 5 in Invocations
   271 | D        | Reached XP level 6. HP: 62/62 MP: 3/8
   272 | D        | Killed a yak
   272 | D        | Reached ** piety under Okawaru
   273 | D        | Reached XP level 7. HP: 70/70 MP: 4/10
   276 | D        | Killed a wyvern
   280 | D        | Killed a yak
   281 | D        | Reached skill level 10 in Fighting
   281 | D        | Reached skill level 10 in Armour
   283 | D        | Reached skill level 10 in Maces & Flails
   330 | D        | Noticed a cyclops
   330 | D        | Noticed a centaur warrior
   330 | D        | Noticed a gargoyle
   330 | D        | Noticed a centaur warrior
   330 | D        | Noticed a cyclops
   330 | D        | Noticed a slime creature
   335 | D        | Killed a cyclops
   335 | D        | Reached *** piety under Okawaru
   336 | D        | Reached skill level 10 in Shields
   336 | D        | Reached XP level 8. HP: 76/80 MP: 12/12
   337 | D        | Killed a centaur warrior
   338 | D        | Killed a gargoyle
   343 | D        | Killed a centaur warrior
   343 | D        | Reached **** piety under Okawaru
   344 | D        | Reached skill level 1 in Stealth
   348 | D        | Killed a cyclops
   349 | D        | Reached XP level 9. HP: 54/89 MP: 12/14
   565 | D        | Noticed a cane toad
   570 | D        | Killed a cane toad
   592 | D        | Reached ***** piety under Okawaru
   636 | D        | Noticed a cane toad
   636 | D        | Noticed a cane toad
   636 | D        | Noticed a komodo dragon
   637 | D        | Noticed a cane toad
   645 | D        | Killed a cane toad
   646 | D        | Reached skill level 15 in Maces & Flails
   646 | D        | Reached skill level 10 in Invocations
   646 | D        | Reached XP level 10. HP: 53/97 MP: 16/16
   666 | D        | Killed a cane toad
   678 | D        | Killed a cane toad
  1210 | D        | Noticed Joseph
  1227 | D        | Killed Joseph
  1578 | D        | Identified the +3 hunting sling of Temperance {speed, rC+}
                  | (Okawaru gifted it to you in the Dungeon)
  1578 | D        | Received a gift from Okawaru
  1772 | D        | Noticed an orc knight
  1772 | D        | Noticed an orc knight
  1782 | D        | Killed an orc knight
  2146 | D        | Killed an orc knight
  2147 | D        | Reached XP level 11. HP: 54/107 MP: 18/18
  2450 | D        | Found Dihiceg's Book Emporium.
  2450 | D        | Noticed an orc sorcerer
  2450 | D        | Noticed an orc sorcerer
  2450 | D        | Noticed an orc sorcerer
  2454 | D        | Killed an orc sorcerer
  2457 | D        | Killed an orc sorcerer
  2458 | D        | Reached skill level 1 in Evocations
  2458 | D        | Found Woithodd's General Store.
  2459 | D        | Noticed an orc sorcerer
  2461 | D        | Killed an orc sorcerer
  2461 | D        | Received a gift from Okawaru
  2461 | D        | Reached ****** piety under Okawaru
  2489 | D        | Paralysed by an orc sorcerer for 3 turns
  2494 | D        | Killed an orc sorcerer
  2495 | D        | Found Javvot's Weapon Emporium.
  2537 | D        | Found Hamom's Weapon Shoppe.
  2548 | D        | Noticed an orc sorcerer
  2566 | D        | Killed an orc sorcerer
  2602 | D        | Bought 3 scrolls of identify for 84 gold pieces
  2602 | D        | Bought a scroll of blinking for 105 gold pieces
  2602 | D        | Bought a scroll of fog for 28 gold pieces
  2608 | D        | Bought a +4 falchion of holy wrath for 383 gold pieces
  2616 | D        | Bought a manual of Armour for 800 gold pieces
  2638 | D        | Noticed Eustachio
  2645 | D        | Killed Eustachio
  2737 | D        | Got the +8 morningstar of the Peculiar Mystics {holy, *Rage
                  | rPois rCorr Int+3}
  2827 | D        | Noticed a red ugly thing
  2827 | D        | Noticed a green ugly thing
  2827 | D        | Noticed a centaur warrior
  2834 | D        | Reached skill level 15 in Fighting
  2836 | D        | Noticed a centaur warrior
  2840 | D        | Killed a green ugly thing
  2841 | D        | Reached skill level 15 in Armour
  2841 | D        | Noticed a fire giant
  2844 | D        | Killed a green ugly thing
  2845 | D        | Noticed a frost giant
  2849 | D        | Killed a centaur warrior
  2852 | D        | Noticed a frost giant
  2856 | D        | Noticed a brown ugly thing
  2859 | D        | Killed a fire giant
  2859 | D        | Received a gift from Okawaru
  3407 | D        | Killed a frost giant
  3542 | D        | Killed a centaur warrior
  3543 | D        | Reached XP level 12. HP: 124/124 MP: 21/21
  3599 | D        | Killed a frost giant
  3599 | D        | Identified the +0 robe of Impermeability {rPois rN+}
                  | (Okawaru gifted it to you in the Dungeon)
  3599 | D        | Received a gift from Okawaru
  3665 | D        | Noticed a frost giant
  3673 | D        | Killed a frost giant
  3679 | D        | Noticed a rakshasa
  3729 | D        | Killed a rakshasa
  3931 | D        | Noticed Frances
  3946 | D        | Killed Frances
  4059 | D        | Noticed a merfolk javelineer
  4060 | D        | Noticed a merfolk aquamancer
  4073 | D        | Killed a merfolk javelineer
  4079 | D        | Killed a merfolk aquamancer
  4098 | D        | Reached skill level 15 in Invocations
  4109 | D        | Identified the +9 rapier "Ineon" {drain, rN+ Str+4 Dex-5}
                  | (Okawaru gifted it to you in the Dungeon)
  4109 | D        | Received a gift from Okawaru
  4301 | D        | Noticed an eleionoma
  4301 | D        | Noticed a four-headed hydra
  4301 | D        | Noticed an alligator
  4301 | D        | Noticed a four-headed hydra
  4301 | D        | Noticed a bunyip
  4304 | D        | Noticed a ghost crab
  4307 | D        | Killed an eleionoma
  4311 | D        | Noticed an eight-headed hydra
  4311 | D        | Killed an alligator
  4312 | D        | Killed a four-headed hydra
  4313 | D        | Killed a four-headed hydra
  4315 | D        | Killed a bunyip
  4317 | D        | Killed a ghost crab
  4319 | D        | Killed an eight-headed hydra
  4410 | D        | Noticed a spark wasp
  4414 | D        | Killed a ghost moth
  4414 | D        | Identified the +3 hunting sling "Piotril" {vorpal, Fragile
                  | rCorr SInv} (Okawaru gifted it to you in the Dungeon)
  4414 | D        | Received a gift from Okawaru
  4415 | D        | Reached skill level 15 in Shields
  4415 | D        | Reached XP level 13. HP: 138/138 MP: 13/23
  4416 | D        | Killed a spark wasp
  4417 | D        | Reached skill level 1 in Throwing
  4875 | D        | Noticed Snorg
  4891 | D        | Killed Snorg
  4905 | D        | Noticed Saint Roka
  4935 | D        | Killed Saint Roka
  4935 | D        | Received a gift from Okawaru
  5238 | D        | Noticed an ettin
  5238 | D        | Noticed a stone giant
  5238 | D        | Noticed a purple very ugly thing
  5254 | D        | Killed a stone giant
  5259 | D        | Killed a purple very ugly thing
  5260 | D        | Noticed an ettin
  5265 | D        | Killed an ettin
  5268 | D        | Noticed a frost giant
  5276 | D        | Noticed a fire dragon
  5278 | D        | Reached skill level 5 in Dodging
  5284 | D        | Noticed a stone giant
  5289 | D        | Noticed a red very ugly thing
  5298 | D        | Killed a frost giant
  5301 | D        | Noticed an ettin
  5452 | D        | Killed an ettin
  5458 | D        | Killed a fire dragon
  5729 | D        | Killed a stone giant
  5815 | D        | Reached XP level 14. HP: 152/152 MP: 25/25
  5857 | D        | Killed a red very ugly thing
  5906 | D        | Noticed a stone giant
  5913 | D        | Killed a stone giant
  5928 | D        | Noticed an ironbound preserver
  5936 | D        | Killed an ironbound preserver
  5936 | D        | Received a gift from Okawaru
  5978 | D        | Noticed a vault warden
  5979 | D        | Noticed an ironbound preserver
  5999 | D        | Killed an ironbound preserver
  6004 | D        | Killed a vault warden
  6401 | D        | Noticed Margery
  6413 | D        | Killed Margery
  6569 | D        | Got the +0 pair of boots of Undesirable Species {rC+ Str+4}
  6673 | D        | Noticed Jory
  6687 | D        | Killed Jory
  6687 | D        | Received a gift from Okawaru
  6725 | D        | Noticed Ilsuiw
  6740 | D        | Killed Ilsuiw
  6790 | D        | Got a barnacled rune of Zot
  6926 | D        | Noticed a nagaraja
  6926 | D        | Noticed a nagaraja
  6926 | D        | Noticed a nagaraja
  6926 | D        | Noticed a nagaraja
  6926 | D        | Noticed a nagaraja
  6930 | D        | Noticed a nagaraja
  6932 | D        | Killed a nagaraja
  6932 | D        | Killed a nagaraja
  6932 | D        | Killed a nagaraja
  6933 | D        | Reached skill level 5 in Throwing
  6933 | D        | Reached XP level 15. HP: 131/168 MP: 27/27
  6933 | D        | Noticed a nagaraja
  6934 | D        | Killed a nagaraja
  6936 | D        | Killed a nagaraja
  6936 | D        | Received a gift from Okawaru
  6936 | D        | Killed a nagaraja
  6937 | D        | Noticed a nagaraja
  6943 | D        | Killed a nagaraja
  6951 | D        | Killed a nagaraja
  6982 | D        | Got a serpentine rune of Zot
  7014 | D        | Noticed a ghost moth
  7018 | D        | Noticed a ghost moth
  7023 | D        | Killed a ghost moth
  7045 | D        | Killed a ghost moth
  7088 | D        | Got a gossamer rune of Zot
  7203 | D        | Received a gift from Okawaru
  7247 | D        | Got a decaying rune of Zot
  7271 | D        | Noticed Xtahua
  7272 | D        | Noticed Sojobo
  7272 | D        | Noticed a tengu reaver
  7272 | D        | Noticed a tengu reaver
  7279 | D        | Paralysed by Xtahua for 6 turns
  7284 | D        | Killed from afar by Xtahua

Illustrated notes

Levels and vault maps discovered:
D:        linesprint [early_d, line_temple, items_1, d_10, items_2, lair_1,
          lair_end, items_3, orc_1, orc_end, items_4, d_15, swamp_1, shoals_1,
          snake_1, spider_1, d_20, vaults_1, items_5, swamp_end, shoals_end,
          snake_end, spider_end, vaults_end, d_27, items_6, zot_1, zot_end,
          crypt_end, forest_end, elf_end, slime_end, tomb_end, abyss_end,
          pan_hell_end]

Skill      XL: |  1  2  3  4  5  6  7  8  9 10 11 12 13 14 15 |
---------------+----------------------------------------------+-----
Fighting       | 5 6 8 9 10 11 12 13 16 19 21 24 26 | 26.3
Armour         | 5 7 9 10 11 12 13 16 19 21 22 | 22.9
Shields        | 5 7 8 9 10 11 12 13 15 18 21 23 | 23.6
Maces & Flails | 3 5 7 8 10 13 15 17 19 21 22 25 26 | 26.4
Dodging        | 1 2 3 4 5 6 |  6.0
Invocations    | 2 5 7 8 10 11 13 15 17 19 21 | 21.3
Stealth        | 1 3 4 |  4.5
Evocations     | 2 3 |  3.6
Throwing       | 3 5 7 |  7.4

Action                   |  1- 3 |  4- 6 |  7- 9 | 10-12 | 13-15 || total
-------------------------+-------+-------+-------+-------+-------++-------
Melee: Flail             |    31 |       |       |       |       ||    31
       Headbutt          |     3 |     4 |    20 |    79 |   125 ||   231
       Morningstar       |     3 |    17 |    77 |   383 |   418 ||   898
Throw: Javelin           |       |       |       |     3 |    20 ||    23
       Throwing net      |       |       |       |       |     1 ||     1
Invok: Heroism           |       |       |       |     2 |     2 ||     4
       Finesse           |       |       |       |       |     2 ||     2
Evoke: Wand              |       |       |       |     6 |     3 ||     9
  Use: Potion            |       |     2 |     2 |     8 |     8 ||    20
       Scroll            |       |       |       |     5 |     2 ||     7
 Stab: Invisible         |       |       |     5 |       |       ||     5
Armor: Scale mail        |    15 |       |       |       |       ||    15
       Plate armour      |       |     5 |    28 |   128 |   168 ||   329
Dodge: Dodged            |    14 |     2 |    26 |    90 |   155 ||   287
Block: Buckler           |     7 |     7 |    16 |    41 |       ||    71
       Kite shield       |       |       |       |    60 |   259 ||   319
       Reflection        |       |       |       |     3 |     8 ||    11

Table legend: (Time is in decaauts)
 A = Elapsed time spent in this place.
 B = Non-inter-level travel time spent in this place.
 C = Inter-level travel time spent in this place.
 D = Time resting spent in this place.
 E = Time spent auto-exploring this place.
 F = Levels seen in this place.
 G = Mean time per level.
                   A        B        C        D        E       F      G
               +--------+--------+--------+--------+--------+-----+--------+
         Total |   7250 |   7250 |      0 |   3345 |   1248 |   1 | 7250.0 |
       Dungeon |   7250 |   7250 |      0 |   3345 |   1248 |   1 | 7250.0 |
               +--------+--------+--------+--------+--------+-----+--------+

Top non-repeatable levels by time:
       D: 7250 daAuts
